 Dungeon Crawl Stone Soup version 0.24-a0-516-g9de272bb65 (webtiles) character file.

Game seed: 10157276466635576432

1090 Debik the Digger (level 8, -3/44 HPs)
             Began as a Gargoyle Earth Elementalist on July 22, 2019.
             Was a Follower of Vehumet.
             Shot with an arrow by a centaur (8 damage)
             ... on level 6 of the Dungeon.
             The game lasted 00:10:31 (4728 turns).

Debik the Digger (Gargoyle Earth Elementalist)      Turns: 4728, Time: 00:10:31

Health: -3/44      AC: 11    Str: 11    XL:     8   Next: 31%
Magic:  1/16       EV: 12    Int: 19    God:    Vehumet [*.....]
Gold:   220        SH:  0    Dex: 10    Spells: 8/17 levels left

rFire    . . .     SeeInvis .   y - +1 hand axe (chop)
rCold    . . .     Gourm    .   (no shield)
rNeg     + . .     Faith    .   c - +0 robe
rPois    ∞         Spirit   .   (no helmet)
rElec    +         Reflect  .   w - +0 cloak
rCorr    .         Harm     .   v - +1 pair of gloves
MR       .....                  e - +0 pair of boots
Stlth    ++........             (no amulet)
HPRegen  0.14/turn              (no ring)
MPRegen  0.15/turn              (no ring)

@: very slightly contaminated
A: negative energy resistance 1, electricity resistance, unbreathing,
petrification resistance, rot immunity, AC +5
a: Renounce Religion


You were on level 6 of the Dungeon.
You worshipped Vehumet.
Vehumet was aware of your devotion.
You were not hungry.

You visited 1 branch of the dungeon, and saw 6 of its levels.

You collected 220 gold pieces.

Inventory:

Hand Weapons
 y - a +1 hand axe of chopping (weapon)
Missiles
 b - 15 stones (quivered)
 m - a throwing net
Armour
 c - a +0 robe (worn)
 e - a +0 pair of boots (worn)
 h - a cursed +0 large shield
 v - a +1 pair of gloves (worn)
 w - a +0 cloak (worn)
Jewellery
 o - an uncursed ring of stealth
Wands
 n - a wand of flame (45)
 x - a wand of digging (4)
Scrolls
 f - a scroll of blinking {unknown}
 g - 4 scrolls of teleportation
 i - 2 scrolls of fear {unknown}
 j - a scroll of enchant armour
 l - a scroll of remove curse
 p - a scroll of immolation {unknown}
 s - 2 scrolls of noise {unknown}
Potions
 a - 3 potions of curing
 k - 3 potions of might {unknown}
 q - 2 potions of magic {unknown}
 r - a potion of degeneration {unknown}
 t - a potion of agility {unknown}
 u - a potion of resistance {unknown}
Comestibles
 d - 6 rations


   Skills:
 + Level 1.7 Fighting
   Level 1.5 Short Blades
 + Level 1.3 Axes
 + Level 2.9 Dodging
 + Level 3.3 Stealth
 + Level 0.2 Unarmed Combat
 + Level 5.4 Spellcasting
 + Level 1.5 Conjurations
   Level 0.7 Transmutations
 + Level 7.5 Earth Magic


You had 8 spell levels left.
You knew the following spells:

 Your Spells              Type           Power        Failure   Level  Hunger
a - Sandblast             Erth           ####..       1%          1    None
d - Lee's Rapid Deconstr  Erth           ####......   16%         5    #####..
e - Stone Arrow           Conj/Erth      ###...       5%          3    ##.....

Your spell library contained the following spells:

 Spells                   Type           Power        Failure   Level  Hunger
 Sting                    Conj/Pois      #...         9%          1    None
 Passwall                 Tmut/Erth      ###.....     3%          2    None
 Petrify                  Tmut/Erth      ###.....     22%         4    ####...


Dungeon Overview and Level Annotations

Branches:
Dungeon (6/15)             Temple (0/1) D:6

Altars:
Hepliaklqana
Makhleb
Vehumet

Shops:
D:6 *

Annotations:
D:6 Pikel


Innate Abilities, Weirdness & Mutations

You are resistant to torment.
Your stone body is resilient. (AC +5)
You are immune to poison.
You resist negative energy. (rN+)
You are resistant to electric shocks. (rElec)
You can survive without breathing.
You are immune to petrification.
You are immune to rotting.


Message History

Casting: Sandblast (safe; 1% risk of failure)
Confirm with . or Enter, or press ? or * to list all spells.
Aiming: Sandblast (safe; 1% risk of failure)
Press: ? - help, Shift-Dir - straight line, f - Pikel
Aim: Pikel, wielding a +1 whip of freezing and wearing a +0 robe (severely wounded)
The blast of sand hits Pikel!
Pikel is almost dead.
b - 15 stones The bullfrog hits you but does no damage.
The centaur hits you.
* * * LOW HITPOINT WARNING * * *
The slave closely misses you.
Pikel hits you with a +1 whip of freezing.
* * * LOW HITPOINT WARNING * * *
Pikel freezes you.
* * * LOW HITPOINT WARNING * * *
The bullfrog hits you but does no damage.
The centaur wields a +0 shortbow.
The centaur shoots an arrow.
The arrow hits you!
You die...

.......... ##......... .###
......... .....####......#
##..............#### ###
....#..#...........#####.#
..8.8.8..c...............##8
...⌠.⌠...K.@.............##.
..8.∩.8..pF#P............#_.
...⌠.⌠....##..>.....#...###:
..8.8.8.#.##..P....†...####8
......#....#......#)..##.# #
..................#.)###.# #
.... ......#...####......###
... ...#.......## #.###.....
.. .......##....#...# ##.#..


You could see Pikel, a slave, a bullfrog and a centaur.

Vanquished Creatures
  Eustachio (D:4)
  3 slaves (D:6)
  2 bullfrogs
  2 scorpions
  2 crimson imps
  A hound (D:6)
  3 orc priests
  5 orc wizards
  2 iguanas (D:4)
  3 worker ants (D:4)
  4 gnolls (D:4)
  10 adders
  A howler monkey skeleton (D:5)
  2 oozes (D:3)
  5 worms
  An adder skeleton (D:4)
  An adder zombie (D:6)
  A dart slug (D:3)
  2 leopard geckos
  13 orcs
  2 ball pythons (D:3)
  11 bats
  3 giant cockroaches
  11 hobgoblins
  7 jackals (D:3)
  5 quokkas
  4 frilled lizards
  7 goblins
  9 kobolds
  8 rats
131 creatures vanquished.

Notes
Turn   | Place    | Note
-------+----------+-------------------------------------------
     0 | D:1      | Debik the Gargoyle Earth Elementalist began the quest for
                  | the Orb.
     0 | D:1      | Reached XP level 1. HP: 10/10 MP: 3/3
    58 | D:1      | Reached skill level 4 in Earth Magic
   322 | D:1      | Reached XP level 2. HP: 11/15 MP: 5/5
   716 | D:1      | Reached XP level 3. HP: 12/19 MP: 6/6
  1230 | D:2      | Learned a level 3 spell: Stone Arrow
  1255 | D:2      | Reached XP level 4. HP: 16/24 MP: 2/8
  1664 | D:3      | Reached skill level 5 in Earth Magic
  1778 | D:3      | Reached skill level 1 in Short Blades
  1778 | D:3      | Reached XP level 5. HP: 18/28 MP: 4/9
  2102 | D:3      | Learned a level 5 spell: Lee's Rapid Deconstruction
  2633 | D:3      | Reached XP level 6. HP: 26/33 MP: 4/11
  2829 | D:3      | Found a burning altar of Makhleb.
  2830 | D:3      | Found a radiant altar of Vehumet.
  2954 | D:3      | Became a worshipper of Vehumet
  2979 | D:4      | Noticed Eustachio
  2987 | D:4      | Killed Eustachio
  2987 | D:4      | Reached skill level 6 in Earth Magic
  2987 | D:4      | Reached XP level 7. HP: 37/37 MP: 3/13
  3103 | D:3      | HP: 1/37 [scorpion (5)]
  3354 | D:3      | Reached skill level 1 in Fighting
  3819 | D:4      | Reached skill level 5 in Spellcasting
  4035 | D:4      | Reached skill level 7 in Earth Magic
  4118 | D:4      | Reached skill level 1 in Conjurations
  4136 | D:4      | Reached * piety under Vehumet
  4136 | D:4      | Offered knowledge of Sting by Vehumet.
  4206 | D:4      | Reached XP level 8. HP: 41/43 MP: 4/15
  4258 | D:4      | Reached skill level 1 in Axes
  4367 | D:5      | Entered Level 5 of the Dungeon
  4465 | D:5      | You fall into a shaft and drop 1 floor!
  4469 | D:6      | Found a staircase to the Ecumenical Temple.
  4472 | D:6      | Noticed Pikel
  4479 | D:6      | Found a hazy altar of Hepliaklqana.
  4706 | D:6      | Found Haeg's General Store.
  4728 | D:6      | Shot with an arrow by a centaur

Levels and vault maps discovered:
D:1:      psy_arrival_dodecagon, layout_loops_ring, minmay_misc_feat_ornament,
          st_stairs_3, minmay_misc_feat_encased
D:2:      layout_basic
D:3:      layout_loops_ring, grunt_temple_overflow_lords_of_destruction,
          minmay_between
D:4:      layout_rooms, first_ration, minmay_crossroads, uniq_eustachio
D:5:      layout_gridville, yredelemnul_altar_generic,
          cheibrodos_ashenzari_chains
D:6:      layout_rooms, tso_oasis_becter, nicolae_overflow_hidden_temple,
          minmay_temple_entry_overgrown, gup_sewer_entry_spiral, serial_shops,
          nicolae_shop_temple_entry_statues_fountains, uniq_pikel,
          uniq_crazy_yiuf_cottage

Skill      XL: |  1  2  3  4  5  6  7  8 |
---------------+-------------------------+-----
Earth Magic    | 4 5 6 7 |  7.5
Short Blades   | 1 |  1.5
Spellcasting   | 3 4 5 |  5.4
Dodging        | 2 |  2.9
Fighting       | 1 |  1.7
Stealth        | 3 |  3.3
Conjurations   | 1 |  1.5
Axes           | 1 |  1.3
Unarmed Combat | |  0.2
Transmutations | |  0.7

Action                   |  1- 3 |  4- 6 |  7- 9 || total
-------------------------+-------+-------+-------++-------
Melee: Dagger            |    72 |    96 |    20 ||   188
       Unarmed           |     8 |       |       ||     8
       Hand axe          |       |       |    44 ||    44
 Cast: Sandblast         |    33 |    68 |    49 ||   150
       Stone Arrow       |       |     8 |    23 ||    31
       Lee's Rapid Decon |       |       |     4 ||     4
  Use: Scroll            |       |       |     6 ||     6
 Stab: Sleeping          |     4 |     1 |     1 ||     6
  Eat: Chunk             |     1 |     7 |     2 ||    10
       Ration            |       |       |     2 ||     2
Armor: Robe              |    36 |    64 |    64 ||   164
Dodge: Dodged            |    69 |    95 |    83 ||   247

Table legend:
 A = Non-vault XP
 B = Vault XP
 C = Vault XP percentage of total XP
 D = Non-vault monster count
 E = Vault monster count
 F = Vault count percentage of total count
                 A         B        C        D         E       F
            +---------+---------+-------+---------+---------+-------
      Total |    1245 |     313 |  20.1 |     117 |      11 |   8.6
            +---------+---------+-------+---------+---------+-------
        D:1 |      42 |       2 |   4.5 |      24 |       2 |   7.7
        D:2 |      49 |       0 |   0.0 |      19 |       0 |   0.0
        D:3 |     334 |      69 |  17.1 |      35 |       7 |  16.7
        D:4 |     523 |     242 |  31.6 |      27 |       2 |   6.9
        D:5 |      98 |       0 |   0.0 |       2 |       0 |   0.0
        D:6 |     199 |       0 |   0.0 |      10 |       0 |   0.0
            +---------+---------+-------+---------+---------+-------
